 Dungeon Crawl Stone Soup version 0.29-a0-330-g52719c12eb (webtiles) character file.

Game seed: 11467042947835597626

431 dohliylev the Ruffian (level 6, -5/61 HPs)
             Began as a Troll Berserker on May 11, 2022.
             Was a Believer of Trog.
             Slain by a killer bee (7 damage)
             ... on level 4 of the Dungeon.
             The game lasted 00:05:46 (3181 turns).

dohliylev the Ruffian (Troll Berserker)             Turns: 3181, Time: 00:05:47

Health: -5/61      AC:  4    Str: 28    XL:     6   Next: 67%
Magic:  5/5        EV: 10    Int:  3    God:    Trog [**....]
Gold:   192        SH:  0    Dex:  9    Spells: 5/5 levels left

rFire   . . .      SeeInvis +     - Unarmed
rCold   . . .      Faith    .   (no shield)
rNeg    . . .      Spirit   .   a - +0 animal skin
rPois   .          Reflect  .   (helmet restricted)
rElec   .          Harm     +   m - scarf {harm}
rCorr   .          Rampage  .   (gloves unavailable)
Will    .....                   (boots unavailable)
Stlth   +.........              (no amulet)
HPRegen 1.00/turn               e - ring of see invisible
MPRegen 0.09/turn               (no ring)

@: lethally poisoned (-5 -> -5)
A: large, unfitting armour, claws 3, regeneration 1, shaggy fur 1, tough skin 1
a: Renounce Religion, Berserk, Trog's Hand


You were on level 4 of the Dungeon.
You worshipped Trog.
Trog was pleased with you.
You visited 1 branch of the dungeon, and saw 4 of its levels.

You collected 192 gold pieces.

Inventory:

Armour
 a - a +0 animal skin (worn)
 m - a scarf of harm (worn)
Jewellery
 e - a ring of see invisible (left claw)
Wands
 r - a wand of charming (6)
Scrolls
 c - 3 scrolls of fog {unknown}
 d - 4 scrolls of identify {unknown}
 h - a scroll of blinking {unknown}
 k - a scroll of enchant armour {unknown}
 l - a scroll of enchant weapon {unknown}
 n - a scroll of teleportation {unknown}
 o - a scroll of holy word {unknown}
 p - a scroll of noise {unknown}
Potions
 b - a potion of flight {unknown}
 f - a potion of mutation {unknown}
 g - a potion of might {unknown}
 i - a potion of degeneration {unknown}
 j - a potion of curing {unknown}
 q - a potion of heal wounds {unknown}


   Skills:
 + Level 3.2 Fighting
 * Level 4.6 Dodging
 + Level 5.3 Unarmed Combat


You had 5 spell levels left.
You didn't know any spells.
Your spell library was empty.

Dungeon Overview and Level Annotations

Branches:
Dungeon (4/15)
 Temple: D:4-7

Altars:


Innate Abilities, Weirdness & Mutations

You are too large for most types of armour.
You have claws for hands.
Your natural rate of healing is unusually fast.
You are covered in fur. (AC +1)
You have tough skin. (AC +1)


Message History

The killer bee attacks as you move away!
The killer bee closely misses you.
You feel sick. The killer bee stings you.
The killer bee attacks as you move away!
The killer bee misses you.
You feel sick. The killer bee stings you!
You claw the killer bee!
You kill the killer bee!
Trog accepts your kill.
You feel sick.
You miss the killer bee.
You feel sick. The killer bee misses you. The killer bee barely misses you.
You claw the killer bee!
The killer bee is severely wounded.
You feel sick. The killer bee stings you. x2
You claw the killer bee!
You kill the killer bee!
Trog accepts your kill.
You feel sick. The killer bee stings you.
You miss the killer bee.
You feel sick.
You are no longer poisoned.
The killer bee stings you but does no damage.
The killer bee stings you.
* * * LOW HITPOINT WARNING * * *
You are poisoned.
The killer bee poisons you!
You feel sick. The killer bee stings you.
* * * LOW HITPOINT WARNING * * *
The killer bee attacks as you move away!
The killer bee closely misses you.
You feel sick. The killer bee closely misses you.
You feel sick. The killer bee stings you.
* * * LOW HITPOINT WARNING * * *
You scratch the killer bee but do no damage.
You feel sick.
The killer bee stings you but does no damage.
You claw the killer bee!
The killer bee is severely wounded.
You feel sick. The killer bee stings you.
* * * LOW HITPOINT WARNING * * *
The killer bee stings you.
You die...

#.#######..###.......#
#.# #####..###.).....#
#.# #<...............#
#.# #.###..#####...###
#.###.###..#####...#
#.............†....#
##.......###y#####'#
#.#####.# #y# ...# #.#
#.###@# ..?..# #.#
#..##.# .......# #.#
#..##.#.........#
#.#####.....+.........+
#........##.#.........#
####........#
####..#### #.## #.# #+#


You could see 2 killer bees.

Vanquished Creatures
  A necrophage (D:4)
  A scorpion (D:4)
  2 killer bees (D:4)
  An orc priest (D:4)
  2 iguanas (D:4)
  An orc wizard (D:3)
  5 adders
  2 dart slugs (D:2)
  7 orcs
  5 endoplasms
  A giant cockroach (D:1)
  8 goblins
  5 hobgoblins
  3 jackals (D:2)
  8 kobolds
  A quokka (D:1)
  2 ball pythons
  5 bats
  A frilled lizard (D:2)
  6 rats
  2 bushes (D:2)
69 creatures vanquished.

Vanquished Creatures (others)
  7 plants (D:2)
7 creatures vanquished.

Grand Total: 76 creatures vanquished

Notes
Turn   | Place    | Note
-------+----------+-------------------------------------------
     0 | D:1      | dohliylev the Troll Berserker began the quest for the Orb.
     0 | D:1      | Reached XP level 1. HP: 22/22 MP: 0/0
   160 | D:1      | Found a faded altar of an unknown god.
   251 | D:1      | Reached XP level 2. HP: 29/29 MP: 1/1
   837 | D:2      | Reached XP level 3. HP: 35/36 MP: 2/2
  1240 | D:2      | Reached ** piety under Trog
  1961 | D:3      | Reached XP level 4. HP: 16/44 MP: 3/3
  2365 | D:3      | Reached skill level 4 in Unarmed Combat
  2735 | D:4      | Reached XP level 5. HP: 10/52 MP: 4/4
  2786 | D:4      | HP: 1/52 [scorpion (3)]
  2972 | D:4      | Reached XP level 6. HP: 55/61 MP: 5/5
  3031 | D:4      | Reached skill level 5 in Unarmed Combat
  3181 | D:4      | HP: 2/61 [killer bee (7)]
  3181 | D:4      | Slain by a killer bee

Illustrated notes

Levels and vault maps discovered:
D:1:      kennysheep_arrival_seaside, layout_loops_ring,
          chequers_ecumenical_altar_simple
D:2:      layout_basic, serial_forest, infiniplex_forest_clump_curved,
          infiniplex_forest_clump_double, infiniplex_forest_fountain,
          infiniplex_forest_end_2, infiniplex_forest_straight_4,
          infiniplex_forest_straight_1
D:3:      layout_basic
D:4:      layout_loops_corners

Skill      XL: |  1  2  3  4  5  6 |
---------------+-------------------+-----
Dodging        | 3 4 |  4.6
Unarmed Combat | 4 5 |  5.3
Fighting       | 3 |  3.2

Action                   |  1- 3 |  4- 6 || total
-------------------------+-------+-------++-------
Melee: Unarmed           |   167 |   103 ||   270
       Punch             |     3 |     2 ||     5
Armor: Animal skin       |    24 |    42 ||    66
Dodge: Dodged            |    38 |    57 ||    95

Table legend: (Time is in decaauts)
 A = Elapsed time spent in this place.
 B = Non-inter-level travel time spent in this place.
 C = Inter-level travel time spent in this place.
 D = Time resting spent in this place.
 E = Time spent auto-exploring this place.
 F = Levels seen in this place.
 G = Mean time per level.
                   A        B        C        D        E       F      G
               +--------+--------+--------+--------+--------+-----+--------+
         Total |   3164 |   2955 |    209 |    117 |   2193 |   4 |  791.0 |
       Dungeon |   3164 |   2955 |    209 |    117 |   2193 |   4 |  791.0 |
               +--------+--------+--------+--------+--------+-----+--------+

Top non-repeatable levels by time:
     D:2: 1143 daAuts
     D:3: 802 daAuts
     D:1: 764 daAuts
     D:4: 453 daAuts
